 Dungeon Crawl Stone Soup version 0.31.0-7-gf635a9b802 (webtiles) character file.

Game seed: 10490125570323987870

396 JustSomeDude the Cutter (level 6, -11/48 HPs)
             Began as a Demonspawn Monk on Jan 23, 2024.
             Was a Believer of Qazlal.
             Mangled by Edmund
             ... wielding a +1 heavy flail
              (12 damage)
             ... on level 5 of the Dungeon.
             The game lasted 00:11:02 (3859 turns).

JustSomeDude the Cutter (Demonspawn Monk)           Turns: 3859, Time: 00:11:04

Health: -11/48     AC: 14    Str: 13    XL:     6   Next: 52%
Magic:  7/7        EV:  7    Int: 11    God:    Qazlal [**....]
Gold:   126        SH:  0    Dex: 15    Spells: 5/5 levels left

rFire   . . .        p - +0 hand axe
rCold   . . .        d - orb {light}
rNeg    . . .        m - +0 chain mail
rPois   .            (no helmet)
rElec   .            q - +0 cloak
rCorr   .            a - +0 pair of gloves
SInv    .            n - +0 pair of boots
Will    .....        (no amulet) Stlth
                     (no ring)
HPRegen 0.28/turn    (no ring)
MPRegen 0.10/turn

%: no passive effects
@: confused, brilliant, ambrosia-drunk, on berserk cooldown, slowed, glowing,
very slow
A: icy blue scales 2, powered by death 1, demonic magic 1
a: Renounce Religion, Upheaval


You were on level 5 of the Dungeon.
You worshipped Qazlal.
Qazlal was pleased with you.
You visited 1 branch of the dungeon, and saw 5 of its levels.

You collected 126 gold pieces.

Inventory:

Hand Weapons
 b - a +0 flail of holy wrath
 h - a +0 short sword of venom
 p - a +0 hand axe (weapon)
Missiles
 i - 7 poisoned darts (quivered)
Armour
 a - a +0 pair of gloves (worn)
 d - an orb of light (worn)
 m - a +0 chain mail (worn)
 n - a +0 pair of boots (worn)
 q - a +0 cloak (worn)
Talismans
 s - a flux talisman
Scrolls
 g - 4 scrolls of fog
 j - 3 scrolls of identify {unknown}
 k - a scroll of noise {unknown}
 l - a scroll of amnesia {unknown}
Potions
 e - a potion of berserk rage
 f - 2 potions of brilliance
 o - a potion of curing {unknown}
 r - a potion of haste {unknown}


   Skills:
 + Level 4.3 Fighting
 + Level 4.5 Short Blades
 + Level 0.6 Axes
 * Level 1.5 Armour
 + Level 3.9 Dodging
 + Level 1.0 Stealth
 * Level 1.9 Invocations


You had 5 spell levels left.
You didn't know any spells.
Your spell library contained the following spells:

 Spells                   Type           Power      Damage    Failure   Level
 Blink                    Tloc           0%         N/A       100%        2
 Lesser Beckoning         Tloc           0%         N/A       100%        2
 Momentum Strike          Conj/Tloc      0%         3d8       100%        2
 Scorch                   Fire           0%         2d5       100%        2
 Dazzling Flash           Conj/Hex       0%         N/A       100%        3
 Gell's Gravitas          Tloc           0%         N/A       100%        3
 Mephitic Cloud           Conj/Alch/Air  0%         N/A       100%        3
 Teleport Other           Tloc           0%         N/A       100%        3
 Flame Wave               Conj/Fire      0%         2d4       100%        4
 Curse of Agony           Necr           0%         N/A       100%        5
 Silence                  Hex/Air        0%         N/A       100%        5
 Dispersal                Tloc           0%         N/A       100%        6
 Summon Cactus Giant      Summ           0%         N/A       100%        6


Dungeon Overview and Level Annotations

Branches:
Dungeon (5/15)
 Temple: D:4-7

Altars:
Qazlal

Annotations:
D:5 Edmund, Menkaure


Innate Abilities, Weirdness & Mutations

You are mostly covered in icy blue scales. (AC +3)
You regenerate a little health from kills.
Spells you cast may paralyse adjacent enemies.


Message History

You hit Edmund but do no damage.
Edmund is lightly wounded.
Edmund hits you with a +1 heavy flail.
You hit Edmund.
Edmund is moderately wounded.
You hit the iguana.
You are no longer berserk.
You are exhausted.
You feel yourself slow down.
The iguana hisses menacingly.
The iguana bites you but does no damage.
Edmund hits you with a +1 heavy flail!
You hit Edmund.
Edmund is moderately wounded.
You barely miss the iguana. The iguana barely misses you.
Edmund closely misses you.
You hit Edmund but do no damage.
Edmund is moderately wounded.
You hit the iguana.
The iguana bites you but does no damage. x2
The ogre hits you with a +0 giant club! Edmund barely misses you.
It was a potion of brilliance.
You feel clever all of a sudden. The iguana closely misses you.
The ogre barely misses you. Edmund barely misses you. The iguana bites you!
You are confused.
You feel invigorated.
The ogre hits you with a +0 giant club!!
* * * LOW HITPOINT WARNING * * *
Edmund hits you with a +1 heavy flail.
* * * LOW HITPOINT WARNING * * *
The iguana barely misses you.
You are too confused!
The iguana attacks as it pursues you!
The iguana bites you but does no damage.
The ogre hits you with a +0 giant club.
* * * LOW HITPOINT WARNING * * *
Edmund hits you with a +1 heavy flail!
You die...
Edmund whines, "They better pay attention to me now!"

..# ..... .
..##... #.
..#... ...
.#..## ....
#....
#..#...##
###....@..#
.......l@.#
.....#.O.##
..#....
...#.......
... 5..
..........M..
#......#
#..$........#
.......
#...........#
#..#..
##....#.###.#
##....
#....### ..
.##.....
.......<


You could see Edmund, an ogre, Menkaure and an iguana.

Vanquished Creatures
  A hound (D:3)
  A bombardier beetle (D:4)
  4 orc priests
  A sleepcap (D:4)
  Jessica (D:1)
  An orc wizard (D:4)
  5 adders
  A ribbon worm (D:2)
  A dart slug (D:2)
  5 orcs
  15 ball pythons
  10 endoplasms
  3 giant cockroaches
  13 goblins
  7 hobgoblins
  3 jackals (D:1)
  6 kobolds
  A quokka (D:2)
  6 bats
  2 frilled lizards
  A rat (D:2)
88 creatures vanquished.

Notes
Turn   | Place    | Note
-------+----------+-------------------------------------------
     0 | D:1      | JustSomeDude the Demonspawn Monk began the quest for the
                  | Orb.
     0 | D:1      | Reached XP level 1. HP: 18/18 MP: 1/1
   289 | D:1      | Gained mutation: Spells you cast may paralyse adjacent
                  | enemies. [demonic ancestry]
   289 | D:1      | Reached XP level 2. HP: 21/24 MP: 2/2
   500 | D:1      | Reached XP level 3. HP: 25/29 MP: 3/3
   925 | D:2      | Noticed Jessica
   943 | D:1      | Killed Jessica
   944 | D:1      | Gained mutation: You are partially covered in icy blue
                  | scales. (AC +2) [demonic ancestry]
   944 | D:1      | Reached XP level 4. HP: 8/37 MP: 4/4
  1237 | D:2      | Found a faded altar of an unknown god.
  1414 | D:2      | Found a stormy altar of Qazlal.
  1513 | D:2      | Became a worshipper of Qazlal Stormbringer
  1513 | D:2      | Reached * piety under Qazlal
  1513 | D:2      | Reached ** piety under Qazlal
  1714 | D:3      | Gained mutation: You regenerate a little health from kills.
                  | [demonic ancestry]
  1714 | D:3      | Reached XP level 5. HP: 42/42 MP: 5/5
  1968 | D:3      | Reached skill level 1 in Invocations
  1974 | D:3      | Reached skill level 1 in Armour
  2130 | D:3      | Gained mutation: You are mostly covered in icy blue scales.
                  | (AC +3) [demonic ancestry]
  2130 | D:3      | Reached XP level 6. HP: 48/48 MP: 7/7
  2924 | D:4      | Reached skill level 1 in Stealth
  3806 | D:5      | Entered Level 5 of the Dungeon
  3806 | D:5      | Noticed Menkaure
  3846 | D:5      | Noticed Edmund
  3858 | D:5      | HP: 2/48 [Edmund/+1 heavy flail (5)]
  3859 | D:5      | Mangled by Edmund

Illustrated notes

Levels and vault maps discovered:
D:1:      psy_arrival_conway, layout_loops_ring, st_stairs_2
D:2:      layout_rooms, basic_altar,
          hellmonk_ecumenical_altar_pennies_from_heaven, uniq_jessica
D:3:      layout_basic, grunt_decor_one_mirror
D:4:      layout_layer_cave
D:5:      layout_cave_pools, serial_shops, nicolae_shop_dealshenge, uniq_edmund,
          uniq_menkaure, uniq_prince_ribbit1

Skill      XL: |  1  2  3  4  5  6 |
---------------+-------------------+-----
Dodging        | 3 |  3.9
Short Blades   | 3 4 |  4.5
Invocations    | 1 |  1.9
Armour         | 1 |  1.5
Fighting       | 4 |  4.3
Stealth        | 1 |  1.0
Axes           | |  0.6

Action                     |  1- 3 |  4- 6 || total
---------------------------+-------+-------++-------
  Melee: Short sword       |   113 |   131 ||   244
         Hand axe          |       |    53 ||    53
 Invoke: Upheaval          |       |     1 ||     1
    Use: Potion            |     1 |     3 ||     4
         Scroll            |       |     1 ||     1
 Armour: Robe              |    69 |    26 ||    95
         Chain mail        |       |   105 ||   105
  Dodge: Dodged            |    76 |    92 ||   168
